 Dungeon Crawl Stone Soup version 0.23-a0-143-g1adec7b (webtiles) character file.

10708 Gorice the Severer (level 11, -2/85 HPs)
             Began as a Hill Orc Monk on Sept 2, 2018.
             Was the Champion of Okawaru.
             Slain by a spiny frog (17 damage)
             ... on level 2 of the Lair of Beasts.
             The game lasted 00:38:45 (11714 turns).

Gorice the Severer (Hill Orc Monk)                 Turns: 11714, Time: 00:38:46

Health: -2/85      AC: 25    Str: 18    XL:     11   Next: 66%
Magic:  17/17      EV:  9    Int: 16    God:    Okawaru [******]
Gold:   558        SH:  0    Dex: 13    Spells: 10/10 levels left

rFire    . . .     SeeInvis +   a - +0 broad axe
rCold    . . .     Gourm    .   (no shield)
rNeg     . . .     Faith    .   U - +8 chain mail of the Lost Path {Int+2 SInv}
rPois    .         Spirit   .   x - +1 hat
rElec    .         Reflect  .   w - +0 cloak
rCorr    .         Harm     .   T - +0 pair of gloves
MR       .....                  g - +0 pair of boots
Stlth    ..........             (no amulet)
HPRegen  0.24/turn              m - +4 ring of intelligence
MPRegen  0.15/turn              (no ring)

@: no status effects
A: no striking features
a: Heroism, Finesse, Renounce Religion


You were on level 2 of the Lair of Beasts.
You worshipped Okawaru.
Okawaru was exalted by your worship.
You were not hungry.

You visited 2 branches of the dungeon, and saw 11 of its levels.
You also visited: Sewer and Ossuary.

You collected 558 gold pieces.

Inventory:

Hand Weapons
 a - a +0 broad axe (weapon)
 h - a +1 flail of holy wrath
   (You took it off an orc on level 8 of the Dungeon)
 B - a +0 blowgun
Missiles
 i - 4 needles of confusion
 q - 3 curare-tipped needles
 N - 2 needles of paralysis
 Y - 209 stones (quivered)
 Z - a throwing net {!f}
Armour
 g - a +0 pair of boots (worn)
 w - a +0 cloak (worn)
 x - a +1 hat (worn)
 T - a +0 pair of gloves (worn)
 U - the +8 chain mail of the Lost Path (worn) {Int+2 SInv}
   (Okawaru gifted it to you on level 1 of the Lair of Beasts)

   It affects your intelligence (+2).
   It lets you see invisible.
Jewellery
 m - a +4 ring of intelligence (left hand)
Wands
 f - a wand of clouds (6)
 o - a wand of enslavement (8)
 K - a wand of acid (11)
 R - a wand of polymorph (17)
Scrolls
 b - a scroll of summoning {unknown}
 d - a scroll of immolation {unknown}
 t - 2 scrolls of teleportation {!r}
 y - 3 scrolls of fog
 z - 9 scrolls of remove curse
 M - 2 scrolls of fear {!r}
Potions
 e - a potion of magic {!q}
 k - 4 potions of haste {!q}
 l - 3 potions of flight
 n - 3 potions of lignification {!q}
 v - 2 potions of ambrosia
 D - a potion of heal wounds {!q}
 F - a potion of berserk rage
 H - 6 potions of curing
 I - a potion of invisibility {!q}
 J - a potion of might {unknown}
 L - 3 potions of resistance {!q}
Miscellaneous
 j - a fan of gales
Comestibles
 c - 19 rations
 p - 5 chunks of flesh


   Skills:
 - Level 4.4 Fighting
 + Level 16.8 Axes
 + Level 10.8 Armour
 - Level 2.4 Dodging
 - Level 1.5 Stealth
 - Level 8.0 Invocations


You had 10 spell levels left.
You didn't know any spells.
Your spell library contained the following spells:

 Spells                   Type           Power        Failure   Level  Hunger
 Beastly Appendage        Tmut           #.....       90%         1    ##.....
 Confusing Touch          Hex            #.....       90%         1    ##.....
 Sticks to Snakes         Tmut           #.......     97%         2    ###....
 Confuse                  Hex            #.......     99%         3    ####...
 Gell's Gravitas          Tloc           #.........   99%         3    ####...
 Spider Form              Tmut/Pois      #.........   99%         3    ####...
 Ice Form                 Ice/Tmut       #.......     100%        4    #####..
 Petrify                  Tmut/Erth      #.......     100%        4    #####..
 Blade Hands              Tmut           #.........   100%        5    ######.
 Metabolic Englaciation   Hex/Ice        #.........   100%        5    ######.
 Yara's Violent Unravell  Hex/Tmut       #.........   100%        5    ######.


Dungeon Overview and Level Annotations

Branches:
Dungeon (9/15)             Temple (0/1) D:4            Lair (2/6) D:8
  Swamp: Lair:2-4    Shoals: Lair:2-4     Snake: Lair:2-4    Spider: Lair:2-4
    Orc: D:9-12

Altars:
Dithmenos
Hepliaklqana
Nemelex Xobeh
Okawaru
Ru
Yredelemnul
Zin
The Shining One

Annotations:
D:9 pUX: shafted here


Message History

You thump the five-headed hydra!
The five-headed hydra is almost dead.
The five-headed hydra bites you but does no damage. x2
The five-headed hydra barely misses you.
The five-headed hydra bites you. x2
Damage: 5 (max 16) Unknown command.
You thump the five-headed hydra!
You kill the five-headed hydra!
Okawaru is honoured by your kill.
Training target 8.0 for Invocations reached!
Your Invocations skill increases to level 8!
Unknown command.
A spiny frog comes into view.
You see here a hydra corpse.
You feel like a meek peon again.
You see here a tomahawk.
Wield which item (- for none, * to show all)? (? for menu, Esc to quit)
Your +1 flail of holy wrath stops glowing.
a - a +0 broad axe (weapon)
Throwing (i - inventory. (/) - cycle)
G - a tomahawk (quivered)
Press: ? - help, Shift-Dir - straight line, f - spiny frog
Aim: a spiny frog You throw a tomahawk.
The tomahawk completely misses the spiny frog.
You barely miss the spiny frog. You slash the bush!
The spiny frog stings you but does no damage.
You hit the spiny frog.
The spiny frog is lightly wounded.
You slash the bush! The spiny frog stings you!
* * * LOW HITPOINT WARNING * * *
Damage: 16 (max 16)
You slash the spiny frog!
The spiny frog is moderately wounded.
You hit the bush but do no damage. The spiny frog stings you!
* * * LOW HITPOINT WARNING * * *
Damage: 15 (max 16)
You hit the spiny frog.
The spiny frog is heavily wounded.
You hit the bush but do no damage. You hit the spiny frog.
The spiny frog is heavily wounded.
You hit the bush but do no damage. The spiny frog closely misses you.
Unknown command.
The spiny frog closely misses you.
You see here a hydra corpse.
You hit the spiny frog.
The spiny frog is heavily wounded.
The spiny frog stings you!
You die...

..## ##...## ##......P+##. ...#
#.....# #.#.......... ..P#
#.....## ###.......... ...#
#......# #P..........
..#######....### ##..........
..###.#..#...# #P..........
.............# #######...<......
.............####.#P##P.....#.#.#
................@F((.(......###
....................>........# #
................#.P#####P.....# #
................+.........P.### #
....##...##.#...............## #
..............#.#............# #
....+...........#.........#.## #
....#.........#.#...........## #
....#...P....................# #


You could see a spiny frog.

Vanquished Creatures
  2 hydras
  A two-headed ogre (D:8)
  Pikel (D:8)
  3 spiny frogs (Lair:1)
  2 komodo dragons
  A hornet (Lair:2)
  4 blink frogs (Lair:1)
  4 hippogriffs
  A wraith (Ossuary)
  A basilisk (Lair:1)
  11 yaks
  Menkaure (D:5)
  4 water moccasins (Lair:1)
  4 porcupines
  Purgy (Sewer)
  2 slaves (D:8)
  2 black bears
  4 ogres
  An ice beast (D:8)
  4 centaurs
  A crocodile (Lair:1)
  A big kobold (D:8)
  6 bullfrogs
  3 scorpions
  A bullfrog zombie (D:9)
  4 crimson imps
  A centaur zombie (D:8)
  3 hounds
  A jelly (D:8)
  Ijyb (D:5)
  3 orc wizards
  3 worker ants
  A hound skeleton (D:4)
  A mummy (Ossuary)
  A worker ant zombie (D:5)
  8 gnolls
  6 adders
  3 shadow imps
  An adder skeleton (D:6)
  An adder zombie (D:8)
  A worm (D:4)
  2 dart slugs
  5 leopard geckos
  10 orcs
  8 bats
  6 giant cockroaches
  6 goblins
  8 hobgoblins
  10 jackals
  16 kobolds
  3 quokkas
  2 ball pythons
  4 frilled lizards
  2 gnoll skeletons (Ossuary)
  5 kobold skeletons (Ossuary)
  18 orc skeletons (Ossuary)
  7 rats
  A spectral orc (D:7)
218 creatures vanquished.

Vanquished Creatures (others)
  2 fungi (Lair:2)
2 creatures vanquished.

Grand Total: 220 creatures vanquished

Notes
Turn   | Place    | Note
-------+----------+-------------------------------------------
     0 | D:1      | Gorice the Hill Orc Monk began the quest for the Orb.
     0 | D:1      | Reached XP level 1. HP: 19/19 MP: 1/1
   265 | D:1      | Reached XP level 2. HP: 26/26 MP: 2/2
   338 | D:1      | Reached skill level 5 in Axes
   586 | D:1      | Reached XP level 3. HP: 28/31 MP: 3/3
   971 | D:2      | HP: 7/31 [hobgoblin/spear (6)]
  1228 | D:2      | Found a shadowy altar of Dithmenos.
  1323 | D:2      | Found an iron altar of Okawaru.
  1333 | D:2      | Reached skill level 6 in Axes
  1891 | D:2      | Became a worshipper of Warmaster Okawaru
  1891 | D:2      | Reached * piety under Okawaru
  1891 | D:2      | Reached ** piety under Okawaru
  2025 | D:2      | Reached XP level 4. HP: 30/40 MP: 4/4
  2030 | D:2      | Reached skill level 4 in Fighting
  2629 | D:3      | Noticed a bullfrog
  2644 | D:3      | Killed a bullfrog
  2644 | D:3      | Reached skill level 7 in Axes
  2644 | D:3      | Reached skill level 1 in Invocations
  2644 | D:3      | Reached XP level 5. HP: 32/47 MP: 2/6
  2752 | D:3      | Found a glowing golden altar of the Shining One.
  2867 | D:3      | Reached skill level 2 in Invocations
  2873 | D:3      | Reached XP level 6. HP: 52/53 MP: 7/7
  3358 | D:4      | Found a staircase to the Ecumenical Temple.
  3391 | D:4      | Found a sacrificial altar of Ru.
  3395 | D:4      | Found a glowing silver altar of Zin.
  3404 | D:4      | HP: 13/53 [ogre/giant spiked club (22)]
  3405 | D:4      | Reached skill level 8 in Axes
  3405 | D:4      | Reached skill level 1 in Armour
  3420 | D:4      | HP: 14/53 [ogre/giant club (2)]
  3700 | D:4      | Reached skill level 2 in Armour
  3853 | D:4      | Reached XP level 7. HP: 53/60 MP: 8/8
  3876 | D:4      | Found a glowing drain.
  3886 | Sewer    | Entered a sewer
  3893 | Sewer    | Reached skill level 9 in Axes
  3934 | Sewer    | Noticed Purgy
  3944 | Sewer    | Killed Purgy
  3944 | Sewer    | Reached skill level 3 in Armour
  4189 | D:4      | Found a hazy altar of Hepliaklqana.
  4499 | D:5      | Entered Level 5 of the Dungeon
  4502 | D:5      | Noticed Menkaure
  4507 | D:5      | Reached *** piety under Okawaru
  4511 | D:5      | HP: 14/60 [Menkaure (17)]
  4757 | D:5      | Noticed Ijyb
  4762 | D:5      | Killed Ijyb
  4959 | D:5      | HP: 17/60 [??? (14)]
  4960 | D:5      | Killed Menkaure
  4960 | D:5      | Reached skill level 10 in Axes
  5535 | D:6      | Reached skill level 4 in Armour
  5535 | D:6      | Reached XP level 8. HP: 37/67 MP: 9/9
  5753 | D:6      | Found a sand-covered staircase.
  5786 | Ossuary  | Entered an ossuary
  5786 | Ossuary  | Noticed a wraith
  5786 | Ossuary  | Noticed a wraith
  5786 | Ossuary  | Noticed a wraith
  5904 | Ossuary  | Noticed a wraith
  5934 | Ossuary  | Killed a wraith
  5934 | Ossuary  | Reached skill level 11 in Axes
  6073 | D:6      | Reached skill level 5 in Armour
  6111 | D:6      | Found a sparkling altar of Nemelex Xobeh.
  6318 | D:6      | Reached **** piety under Okawaru
  6590 | D:7      | Noticed a hippogriff
  6610 | D:7      | Killed a hippogriff
  6610 | D:7      | Reached skill level 12 in Axes
  6649 | D:7      | Reached skill level 6 in Armour
  6649 | D:7      | Reached XP level 9. HP: 32/72 MP: 10/10
  7195 | D:7      | Got a bloodstained ring mail
  7261 | D:7      | Found a basalt altar of Yredelemnul.
  7615 | D:7      | Received a gift from Okawaru
  7888 | D:8      | Reached skill level 13 in Axes
  7926 | D:8      | You fall through a shaft!
  8017 | D:9      | Reached ***** piety under Okawaru
  8079 | D:8      | Reached skill level 7 in Armour
  8163 | D:8      | Noticed a two-headed ogre
  8184 | D:8      | Killed a two-headed ogre
  8184 | D:8      | Reached skill level 14 in Axes
  8187 | D:8      | Reached XP level 10. HP: 28/80 MP: 8/11
  8628 | D:8      | Found a staircase to the Lair.
  8671 | D:8      | Noticed Pikel
  8684 | D:8      | Killed Pikel
  8684 | D:8      | Reached skill level 8 in Armour
  8848 | D:8      | Reached skill level 15 in Axes
  8908 | Lair:1   | Entered Level 1 of the Lair of Beasts
  8945 | Lair:1   | Noticed a spiny frog
  8957 | Lair:1   | Killed a spiny frog
  9091 | Lair:1   | Received a gift from Okawaru
  9392 | Lair:1   | Noticed a spiny frog
  9398 | Lair:1   | Killed a spiny frog
  9398 | Lair:1   | Reached skill level 9 in Armour
  9426 | Lair:1   | Noticed a seven-headed hydra
  9447 | Lair:1   | HP: 21/80 [seven-headed hydra (8)]
  9448 | Lair:1   | HP: 5/80 [seven-headed hydra (6)]
  9450 | Lair:1   | Killed a seven-headed hydra
  9450 | Lair:1   | Reached skill level 4 in Invocations
  9753 | Lair:1   | HP: 24/80 [blink frog (10)]
  9755 | Lair:1   | HP: 8/80 [blink frog (5)]
  9760 | Lair:1   | Reached skill level 16 in Axes
  9760 | Lair:1   | Reached skill level 5 in Invocations
  9760 | Lair:1   | HP: 23/80 [blink frog (5)]
  9762 | Lair:1   | Reached XP level 11. HP: 25/85 MP: 11/14
 10288 | Lair:1   | Received a gift from Okawaru
 10288 | Lair:1   | Reached skill level 10 in Armour
 10288 | Lair:1   | Reached skill level 6 in Invocations
 10289 | Lair:1   | Got a translucent chain mail {god gift}
 10300 | Lair:1   | Identified the +8 chain mail of the Lost Path {Int+2 SInv}
                  | (Okawaru gifted it to you on level 1 of the Lair of Beasts)
 10591 | Lair:2   | Noticed a five-headed hydra
 10703 | Lair:2   | HP: 24/85 [yak (11)]
 10704 | Lair:2   | Reached ****** piety under Okawaru
 10968 | Lair:2   | Paralysed by a hornet for 1 turns
 11276 | Lair:2   | Reached skill level 7 in Invocations
 11702 | Lair:2   | Killed a five-headed hydra
 11702 | Lair:2   | Reached skill level 8 in Invocations
 11709 | Lair:2   | HP: 14/85 [spiny frog (15)]
 11714 | Lair:2   | Slain by a spiny frog

Vault maps used:
D:1:      dpeg_arrival_houses_and_road, st_stairs_6
D:2:      nicolae_dithmenos_through_a_glass_darkly, lemuel_round_altar
D:3:      minmay_door_path, tso_metal_star
D:4:      lemuel_doored_altar, grunt_temple_overflow_open, temple_hall,
          first_ration, portal_sewer_entry_d
D:5:      uniq_ijyb, uniq_menkaure
D:6:      basic_altar, enter_ossuary_1
D:7:      yredelemnul_forgotten_temple_becter, grunt_ogre_cave
D:8:      lair_entry_dummy, uniq_pikel
D:9:      fedhas_altar_decomposition
Lair:1:   grunt_megastairs_3
Lair:2:   dummy_snake_entry
Sewer:    sewer_big_baddie
Ossuary:  ossuary_due_mausoleum

Skill      XL: |  1  2  3  4  5  6  7  8  9 10 11 |
---------------+----------------------------------+-----
Axes           | 5 6 7 8 10 12 14 16 | 16.8
Fighting       | 4 |  4.4
Invocations    | 1 2 5 8 |  8.0
Armour         | 2 4 6 7 9 10 | 10.8
Dodging        | |  2.4
Stealth        | |  1.5

Action                   |  1- 3 |  4- 6 |  7- 9 | 10-12 || total
-------------------------+-------+-------+-------+-------++-------
Melee: Hand axe          |   139 |    83 |       |       ||   222
       War axe           |       |    24 |   197 |       ||   221
       Broad axe         |       |       |   146 |   256 ||   402
       Flail             |       |       |       |    23 ||    23
       Punch             |       |       |       |     2 ||     2
 Fire: Blowgun           |       |     1 |       |       ||     1
Throw: Stone             |       |    11 |     8 |       ||    19
       Tomahawk          |       |       |     2 |    29 ||    31
Invok: Heroism           |       |     3 |     4 |     5 ||    12
Evoke: Wand              |       |       |       |     1 ||     1
  Use: Scroll            |     9 |     4 |     5 |     2 ||    20
       Potion            |       |     1 |     1 |     2 ||     4
 Stab: Sleeping          |     1 |       |       |       ||     1
  Eat: Chunk             |     3 |     6 |    11 |    11 ||    31
       Ration            |       |       |     1 |       ||     1
Armor: Robe              |    18 |       |       |       ||    18
       Scale mail        |     1 |    16 |       |       ||    17
       Plate armour      |       |    48 |   262 |   174 ||   484
       Chain mail        |       |       |       |    87 ||    87
Dodge: Dodged            |    93 |    32 |   106 |   116 ||   347

Table legend:
 A = Non-vault XP
 B = Vault XP
 C = Vault XP percentage of total XP
 D = Non-vault monster count
 E = Vault monster count
 F = Vault count percentage of total count
                 A         B        C        D         E       F
            +---------+---------+-------+---------+---------+-------
      Total |   13931 |    1367 |   8.9 |     171 |      45 |  20.8
            +---------+---------+-------+---------+---------+-------
        D:1 |      52 |       5 |   8.8 |      23 |       3 |  11.5
        D:2 |      84 |       0 |   0.0 |      16 |       0 |   0.0
        D:3 |     217 |       5 |   2.3 |      23 |       3 |  11.5
        D:4 |     341 |      13 |   3.7 |       5 |       1 |  16.7
        D:5 |      81 |     201 |  71.3 |       8 |       2 |  20.0
        D:6 |     663 |       0 |   0.0 |      19 |       0 |   0.0
        D:7 |     694 |     117 |  14.4 |      11 |       2 |  15.4
        D:8 |    1835 |     617 |  25.2 |      23 |       1 |   4.2
        D:9 |     345 |       0 |   0.0 |       6 |       0 |   0.0
     Lair:1 |    5587 |       0 |   0.0 |      21 |       0 |   0.0
     Lair:2 |    4032 |       0 |   0.0 |      16 |       0 |   0.0
      Sewer |       0 |     149 | 100.0 |       0 |       6 | 100.0
    Ossuary |       0 |     260 | 100.0 |       0 |      27 | 100.0
            +---------+---------+-------+---------+---------+-------

Table legend:
 A = Turns spent in this place as a percentage of turns spent in the entire game.
 B = Non-inter-level travel turns spent in this place as a percentage of non-inter-level travel turns spent in the entire game.
 C = Inter-level travel turns spent in this place as a percentage of turns spent in this place.
 D = Turns resting spent in this place as a percentage of non-inter-level travel turns spent in this place.
 E = Turns spent auto-exploring this place as a percentage of non-inter-level travel turns spent in this place.
 F = Non-inter-level travel turns spent in this place divided by the number of levels of this place that you've seen.
                   A       B       C       D       E      F
               +-------+-------+-------+-------+-------+----------------------
         Total | 100.0 | 100.0 |   4.4 |  35.1 |  35.7 | 861.3
       Dungeon |  72.9 |  72.2 |   5.2 |  32.5 |  40.1 | 898.6
          Lair |  24.0 |  24.4 |   2.5 |  45.4 |  26.4 | 1368.0
         Sewer |   1.0 |   1.1 |   0.0 |   0.0 |   0.0 | 118.0
       Ossuary |   2.2 |   2.3 |   0.0 |  25.0 |  13.3 | 256.0
               +-------+-------+-------+-------+-------+----------------------

Vault maps used:
D:1:      dpeg_arrival_houses_and_road, st_stairs_6
D:2:      nicolae_dithmenos_through_a_glass_darkly, lemuel_round_altar
D:3:      minmay_door_path, tso_metal_star
D:4:      lemuel_doored_altar, grunt_temple_overflow_open, temple_hall,
          first_ration, portal_sewer_entry_d
D:5:      uniq_ijyb, uniq_menkaure
D:6:      basic_altar, enter_ossuary_1
D:7:      yredelemnul_forgotten_temple_becter, grunt_ogre_cave
D:8:      lair_entry_dummy, uniq_pikel
D:9:      fedhas_altar_decomposition
Lair:1:   grunt_megastairs_3
Lair:2:   dummy_snake_entry
Sewer:    sewer_big_baddie
Ossuary:  ossuary_due_mausoleum
